Map: Gresvan LE

Players

I.A. 1 (Muito fácil)

  • Race: Protoss Protoss
  • Spawn Location: 5:00

JosueKujo - Winner!

  • Race: Terran Terran
  • League: Diamond
  • Spawn Location: 11:00

VOD

Have the link to the VOD?

Description

Pay attention to the timings and worker saturation, this build is very air tight. This build sucks if the natural have a high ground

Time

  • Played on: Aug. 6, 2023, 8:16 a.m.
  • Length: 9:35
Show
View Real Time Build Order
Export as new Build Order

I.A. 1 (Muito fácil) Protoss 

Build Orders:  

Get SALT Encoding   

  12  0:00  Probe  
  13  0:13  Probe  
  14  0:19  Pylon  
  14  0:37  Assimilator  
  14  0:42  Gateway  
  14  0:46  Pylon  
  14  1:13  Assimilator  
  14  1:23  Probe  
  14  1:31  Probe  
  14  1:32  Zealot, Cybernetics Core  
  17  1:39  Probe  
  19  1:49  Probe  
  20  1:59  Probe  
  20  2:07  Probe  
  21  2:09  Warp Gate  
  22  2:43  Stalker  
  24  3:53  Probe  
  24  7:09  Probe  
  24  7:15  Pylon, Adept  
  27  7:17  Probe  
  27  7:18  Robotics Facility  
  23  7:25  Probe  
  24  7:34  Probe  
  23  7:42  Probe  
  23  7:50  Probe  
  23  8:02  Probe  
  24  8:06  Observer  
  24  8:14  Probe  
  24  8:15  Stalker  
  26  8:24  Observer  
  26  8:26  Probe  
  27  8:38  Probe  
  26  8:50  Probe  
  26  8:59  Stalker  
  26  9:01  Pylon  
  26  9:02  Probe  
  21  9:14  Probe  
  16  9:20  Pylon  
Show
View Real Time Build Order
Export as new Build Order

JosueKujo Terran - Winner!

Build Orders: Cyclone Opening 

Get SALT Encoding   

  12  0:02  SCV  
  13  0:14  SCV  
  13  0:17  Supply Depot  
  14  0:26  SCV  
  14  0:28  Refinery  
  15  0:39  SCV  
  16  0:45  Barracks  
  16  0:51  SCV  
  16  0:55  Refinery  
  17  1:03  SCV  
  18  1:15  SCV  
  19  1:27  SCV  
  20  1:33  Factory  
  20  1:34  Barracks Tech Lab  
  20  1:39  Orbital Command  
  20  1:48  Supply Depot  
  20  2:00  Barracks Reactor  
  20  2:06  SCV  
  21  2:18  SCV  
  21  2:22  Cyclone  
  25  2:25  Supply Depot  
  25  2:30  SCV  
  25  2:37  Marine x2  
  26  2:43  SCV  
  29  2:47  Supply Depot  
  29  2:57  Marine x2  
  29  2:58  Siege Tank  
  34  3:00  SCV  
  35  3:14  SCV  
  35  3:17  Marine x2  
  38  3:20  Bunker  
  38  3:26  SCV  
  39  3:30  Siege Tank  
  42  3:36  Command Center  
  42  3:39  SCV  
  43  3:44  Supply Depot  
  43  3:52  Marine x2  
  43  3:53  SCV  
  46  4:05  Siege Tank  
  46  4:06  SCV  
  50  4:14  Supply Depot  
  50  4:16  Marine x2  
  52  4:18  SCV  
  53  4:31  SCV  
  53  4:35  Marine x2  
  53  4:36  Supply Depot  
  56  4:39  Siege Tank  
  59  4:46  SCV  
  59  4:51  Orbital Command  
  60  4:56  Marine x2  
  62  5:00  SCV  
  63  5:11  Starport  
  63  5:12  SCV  
  64  5:15  Siege Tank  
  64  5:16  Marine x2  
  69  5:28  SCV x2, Barracks  
  71  5:29  Barracks  
  71  5:33  Supply Depot  
  71  5:40  SCV  
  72  5:44  Marine x2  
  72  5:45  SCV  
  72  5:48  Starport Tech Lab  
  75  5:52  Refinery, SCV  
  75  5:53  Siege Tank  
  75  5:54  Refinery  
  80  5:57  SCV  
  80  6:04  SCV  
  80  6:09  SCV  
  82  6:15  Command Center  
  82  6:20  Marine x2  
  82  6:25  Stimpack, SCV x2  
  84  6:30  Marine  
  84  6:31  Starport Reactor  
  84  6:32  Combat Shield  
  87  6:37  SCV  
  87  6:39  Marine x2, Supply Depot  
  92  6:40  Marauder, Supply Depot  
  92  6:42  Factory Tech Lab  
  92  6:44  SCV  
  93  6:49  Supply Depot  
  93  6:50  SCV  
  94  7:00  Marine x2  
  98  7:01  Marauder  
  98  7:02  SCV x2  
  98  7:04  Siege Tank  
  98  7:05  Marauder  
  105  7:09  Medivac  
  105  7:11  Medivac  
  109  7:17  SCV x2  
  109  7:20  Marine  
  109  7:21  Marine  
  113  7:26  Engineering Bay x2  
  113  7:27  Orbital Command  
  113  7:33  Marauder x2  
  117  7:40  Marine x2  
  117  7:41  Siege Tank  
  122  7:47  Supply Depot  
  122  7:49  Orbital Command  
  122  7:57  Marauder x2, Medivac  
  128  8:01  Supply Depot  
  128  8:02  Marine x2  
  130  8:09  SCV x2  
  130  8:10  Concussive Shells  
  132  8:15  Siege Tank  
  132  8:17  Supply Depot  
  135  8:20  SCV  
  135  8:21  SCV x2  
  135  8:23  Marine x2  
  135  8:24  Marauder  
  144  8:27  Marauder  
  144  8:39  Refinery  
  144  8:41  Refinery  
  144  8:42  SCV  
  144  8:43  SCV  
  144  8:44  Marine, SCV, Command Center  
  144  8:46  Marine  
  149  9:01  Marine x2  
  149  9:02  Siege Tank, Medivac x2  
  157  9:10  Barracks  
  157  9:12  Barracks  
  157  9:16  Supply Depot  
  157  9:17  Supply Depot, Armory  
Tags
 
League
Diamond
Matchup
PvT
Spawn Locations
Cross Positions
Add a new tag
Caveats
  • Supply blocks, unpowered buildings, or Contaminate may cause inaccurate times.
  • Supply counts are checked every 10 seconds.